 Dungeon Crawl Stone Soup version 0.28-a0-906-g0406aca7d3 (webtiles) character file.

Game seed: 18292672697217557042

60 Sabo the Skirmisher (level 4, 0/29 HPs)
             Began as a Kobold Berserker on Nov 23, 2021.
             Was a Believer of Trog.
             Succumbed to an adder's poison
             ... on level 2 of the Dungeon.
             The game lasted 00:09:04 (2771 turns).

Sabo the Skirmisher (Kobold Berserker)              Turns: 2771, Time: 00:09:04

Health: 0/29       AC:  5    Str: 15    XL:     4   Next: 24%
Magic:  4/4        EV: 13    Int: 14    God:    Trog [**....]
Gold:   56         SH:  0    Dex: 14    Spells: 3/3 levels left

rFire   . . .      SeeInvis .   a - +0 hand axe
rCold   . . .      Faith    .   (shield restricted)
rNeg    . . .      Spirit   .   f - +0 ring mail
rPois   .          Reflect  .   (no helmet)
rElec   .          Harm     .   (no cloak)
rCorr   .          Rampage  .   (no gloves)
Will    .....                   (no boots)
Stlth   ++........              (no amulet)
HPRegen 0.09/turn               n - +6 ring of intelligence
MPRegen 0.09/turn               (no ring)

@: lethally poisoned (0 -> -1)
A: small, no large weapons, nightstalker 3
a: Renounce Religion, Berserk, Trog's Hand


You were on level 2 of the Dungeon.
You worshipped Trog.
Trog was pleased with you.
You visited 1 branch of the dungeon, and saw 2 of its levels.

You collected 56 gold pieces.

Inventory:

Hand Weapons
 a - a +0 hand axe (weapon)
 h - a +0 hunting sling
Missiles
 d - 9 sling bullets
 e - 8 poisoned darts (quivered)
Armour
 f - a +0 ring mail (worn)
Jewellery
 n - a +6 ring of intelligence (left hand)
Scrolls
 b - 2 scrolls of identify {unknown}
 c - a scroll of blinking {unknown}
 g - 2 scrolls of teleportation {unknown}
 j - a scroll of noise {unknown}
 l - 3 scrolls of amnesia {unknown}
 m - a scroll of holy word {unknown}
Potions
 i - 4 potions of curing {unknown}
 k - a potion of ambrosia {unknown}


   Skills:
 + Level 3.9 Fighting
 + Level 2.9 Axes
 + Level 2.0 Armour
 + Level 2.7 Dodging
 + Level 1.7 Stealth


You had 3 spell levels left.
You didn't know any spells.
Your spell library was empty.

Dungeon Overview and Level Annotations

Branches:
Dungeon (2/15)

Altars:
Uskayaw


Innate Abilities, Weirdness & Mutations

You are small and have problems with some larger weapons.
You are completely attuned to the shadows.


Message History

You hit the orc but do no damage.
The orc is heavily wounded.
You hit the endoplasm but do no damage. The endoplasm misses you.
The orc hits you with a +0 short sword.
The endoplasm hits you but does no damage.
You slash the orc!
You kill the orc!
Trog accepts your kill.
You barely miss the endoplasm.
An adder comes into view.
The endoplasm jiggles.
The endoplasm freezes you.
You are frozen.
The adder hisses angrily.
You hit the endoplasm but do no damage.
The endoplasm hits you but does no damage.
You hit the endoplasm.
You kill the endoplasm!
Trog accepts your kill.
You closely miss the adder. The adder bites you.
You are poisoned.
The adder poisons you! The adder bites you.
* * * LOW HITPOINT WARNING * * *
You hit the adder.
The adder is heavily wounded.
* * * LOW HITPOINT WARNING * * *
You feel sick. The adder bites you but does no damage.
You hit the adder.
The adder is severely wounded.
You feel sick. The adder barely misses you. x2
You hit the adder but do no damage.
The adder is heavily wounded.
You feel sick. The adder barely misses you.
You closely miss the adder.
The adder is heavily wounded.
You feel sick. The adder misses you. The adder bites you.
* * * LOW HITPOINT WARNING * * *
You hit the adder.
The adder is severely wounded.
You die...

##8.........
.'.......... ###
##8.......# ..#
......._..# ..###
#.#.#....)(# #....
.)#.......S# .##
....#.####@# ..#
##........# #.##
##..##....
#..#######.########
.#.......#.#
.#######.#.# .##
#...# ..# #..## ..#
####


You could see an adder.

Vanquished Creatures
  An adder (D:2)
  3 dart slugs
  An orc (D:2)
  A bat (D:1)
  6 endoplasms
  2 giant cockroaches
  4 hobgoblins (D:1)
  6 jackals
  A quokka (D:2)
  3 ball pythons
  2 frilled lizards (D:1)
  2 goblins
  3 kobolds
  4 rats
39 creatures vanquished.

Notes
Turn   | Place    | Note
-------+----------+-------------------------------------------
     0 | D:1      | Sabo the Kobold Berserker began the quest for the Orb.
     0 | D:1      | Reached XP level 1. HP: 14/14 MP: 1/1
   420 | D:1      | Reached XP level 2. HP: 19/19 MP: 2/2
   643 | D:1      | Reached skill level 1 in Stealth
   706 | D:1      | Reached XP level 3. HP: 4/24 MP: 3/3
  1597 | D:1      | Reached ** piety under Trog
  2336 | D:2      | Reached XP level 4. HP: 16/29 MP: 4/4
  2693 | D:2      | Found a hide-covered altar of Uskayaw.
  2770 | D:2      | HP: 1/29 [adder (2)]
  2771 | D:2      | Succumbed to an adder's poison

Illustrated notes

Levels and vault maps discovered:
D:1:      lemuel_arrival_river_ford, layout_basic
D:2:      layout_rooms, dreamdust_ecumenical_altar_angels_and_demons,
          basic_altar

Skill      XL: |  1  2  3  4 |
---------------+-------------+-----
Stealth        | 1 |  1.7
Armour         | 2 |  2.0
Fighting       | |  3.9
Axes           | |  2.9
Dodging        | |  2.7

Action                   |  1- 3 |  4- 6 || total
-------------------------+-------+-------++-------
Melee: Hand axe          |   125 |    27 ||   152
Throw: Dart              |    12 |     2 ||    14
 Stab: Sleeping          |     4 |       ||     4
Armor: Animal skin       |     3 |       ||     3
       Ring mail         |    37 |    10 ||    47
Dodge: Dodged            |    79 |    18 ||    97

Table legend: (Time is in decaauts)
 A = Elapsed time spent in this place.
 B = Non-inter-level travel time spent in this place.
 C = Inter-level travel time spent in this place.
 D = Time resting spent in this place.
 E = Time spent auto-exploring this place.
 F = Levels seen in this place.
 G = Mean time per level.
                   A        B        C        D        E       F      G
               +--------+--------+--------+--------+--------+-----+--------+
         Total |   2803 |   2803 |      0 |   1331 |      0 |   2 | 1401.5 |
       Dungeon |   2803 |   2803 |      0 |   1331 |      0 |   2 | 1401.5 |
               +--------+--------+--------+--------+--------+-----+--------+

Top non-repeatable levels by time:
     D:1: 2042 daAuts
     D:2: 760 daAuts
